 Dungeon Crawl Stone Soup version 0.32-a0-747-gc8563f6773 (webtiles) character file.

Game seed: 185923573966308132

3 Elsrick the Slasher (level 1, -7/16 HPs)
             Began as a Coglin Gladiator on Mar 17, 2024.
             Mangled by Sigmund
             ... wielding a +3 scythe of venom
              (8 damage)
             ... on level 2 of the Dungeon.
             The game lasted 00:00:39 (243 turns).

Elsrick the Slasher (Coglin Gladiator)               Turns: 243, Time: 00:00:40

Health: -7/16      AC:  4    Str: 14    XL:     1   Next: 50%
Magic:  1/1        EV: 11    Int:  7    God:
Gold:   0          SH:  0    Dex: 15    Spells: 0/0 levels left

rFire   . . .        a - +0 long sword {Ermengarde}
rCold   . . .        f - +0 dagger {Hachiro}
rNeg    . . .        b - +0 leather armour
rPois   .            c - +0 helmet
rElec   .            (no cloak)
rCorr   .            (no gloves)
SInv    .            (no boots)
Will    .....        (amulet unavailable)
Stlth   +            (ring unavailable)
HPRegen 0.22/turn    (ring unavailable)
MPRegen 0.07/turn    (no gizmo)

%: no passive effects
@: confused
A: off-hand wielding, slow wielding, warmup strikes, no jewellery
a: Invent Gizmo


You were on level 2 of the Dungeon.
You visited 1 branch of the dungeon, and saw 2 of its levels.

Inventory:

Hand Weapons
 a - a +0 long sword (weapon) {Ermengarde}
 f - a +0 dagger (offhand) {Hachiro}
Missiles
 d - 3 throwing nets (quivered)
 e - a javelin
Armour
 b - a +0 leather armour (worn)
 c - a +0 helmet (worn)
Scrolls
 h - a scroll of fear {unknown}
 j - a scroll of enchant weapon {unknown}
Potions
 g - a potion of mutation {unknown}
 i - a potion of lignification {unknown}
 k - a potion of haste {unknown}


   Skills:
 + Level 2.0 Fighting
 + Level 3.0 Long Blades
 + Level 1.8 Throwing
 + Level 2.8 Dodging


You couldn't memorise any spells.
You didn't know any spells.
Your spell library was empty.

Dungeon Overview and Level Annotations

Branches:
Dungeon (1/15)

Altars:

Annotations:
D:2 Sigmund


Innate Abilities, Weirdness & Mutations

You can wield a second weapon in your off-hand.
It takes a long time for you to wield or remove held weapons.
Your first few attacks do less damage.
You cannot equip rings or amulets.


Message History

The rat squeaks loudly.
You hit the rat with your +0 dagger.
You kill the rat!
Sigmund the Dreaded comes into view.
He is wielding a +3 scythe of venom.
Sigmund shouts!
Sigmund laughs darkly.
Sigmund moves out of view.
Found a faded altar of an unknown god.
A hobgoblin comes into view.
Sigmund gestures at you while chanting.
You are confused.
You're too confused to move!
The hobgoblin shouts!
You bump into the rock wall.
You bump into the rock wall.
You bump into the rock wall.
You bump into the rock wall.
You feel less confused.
Sigmund casts a spell.
Sigmund flickers and vanishes!
Deactivating autopickup; reactivate with Ctrl-A.
Something hits you.
You are poisoned.
You feel sick.
You feel sick.
You feel sick.
You feel sick.
You feel sick.
You feel sick.
You feel sick.
You feel sick.
You are no longer poisoned.
A puff of flame appears from out of thin air!
The puff of flame hits you.
* * * LOW HITPOINT WARNING * * *
You hear some strange, mumbled words.
You are confused.
Something hits you!
Ouch! That really hurt!
You die...

..♣.♣#.#
♣._ P
#.# ...
.. #.#
.. ..
#.# #.#
#g# #{#
#.#
######.#
#@#
.......#
#.#####
.#######
#.....#
.#
#.###.#
.#
#...#.#
.#
#.#.#.#
.#
#.....#
.#####
###.###
#....#
#.#


You could see a hobgoblin.

Vanquished Creatures
  A quokka (D:1)
  A ball python (D:1)
  2 rats
4 creatures vanquished.

Notes
Turn   | Place    | Note
-------+----------+-------------------------------------------
     0 | D:1      | Elsrick the Coglin Gladiator began the quest for the Orb.
     0 | D:1      | Reached XP level 1. HP: 16/16 MP: 1/1
   167 | D:1      | You fall into a shaft and drop 1 floor!
   220 | D:2      | Noticed Sigmund
   221 | D:2      | Found a faded altar of an unknown god.
   243 | D:2      | Mangled by Sigmund

Illustrated notes

Levels and vault maps discovered:
D:1:      dpeg_arrival_concentric_ovals, layout_basic, serial_park_tiny_1,
          nrook_campfire
D:2:      layout_loops_ring, ebering_ecumenical_altar_petrified,
          hangedman_abyss_or_decor_lesser_grid, uniq_sigmund, uniq_natasha

Action                     || total
---------------------------++-------
  Melee: Dagger            ||     5
         Long sword        ||     4
 Armour: Leather armour    ||     6
  Dodge: Dodged            ||     1

Table legend: (Time is in decaauts)
 A = Elapsed time spent in this place.
 B = Non-inter-level travel time spent in this place.
 C = Inter-level travel time spent in this place.
 D = Time resting spent in this place.
 E = Time spent auto-exploring this place.
 F = Levels seen in this place.
 G = Mean time per level.
                   A        B        C        D        E       F      G
               +--------+--------+--------+--------+--------+-----+--------+
         Total |    243 |    243 |      0 |      8 |    135 |   2 |  121.5 |
       Dungeon |    243 |    243 |      0 |      8 |    135 |   2 |  121.5 |
               +--------+--------+--------+--------+--------+-----+--------+

Top non-repeatable levels by time:
     D:1: 167 daAuts
     D:2: 75 daAuts
